 Dungeon Crawl Stone Soup version 0.20.1-1-g8b1a95d (webtiles) character file.

24 Folque the Conjurer (level 3, 5/21 HPs)
             Began as a Tengu Conjurer on Nov 3, 2017.
             Got out of the dungeon alive.
             The game lasted 00:02:54 (1309 turns).

Folque the Conjurer (Tengu Conjurer)                Turns: 1309, Time: 00:02:55

Health: 5/21       AC:  2    Str:  8    XL:     3   Next: 2%
Magic:  7/7        EV: 12    Int: 16    God:
Gold:   51         SH:  0    Dex: 14    Spells: 5/6 levels left

rFire    . . .     SeeInvis .   d - +1 club
rCold    . . .     Gourm    .   (no shield)
rNeg     . . .     Faith    .   a - +0 robe
rPois    .         Spirit   .   (helmet restricted)
rElec    .         Reflect  .   (no cloak)
rCorr    .         Harm     .   (no gloves)
MR       .....                  (boots unavailable)
Stlth    ++........             (no amulet)
Regen    0.1/turn               (no ring)
MPRegen  0.1/turn               (no ring)

@: no status effects
A: beak, talons 3
a: no special abilities


You escaped.
You were not hungry.

You visited 1 branch of the dungeon, and saw 1 of its levels.

You collected 51 gold pieces.

Inventory:

Hand Weapons
 d - a +1 club (weapon)
Armour
 a - a +0 robe (worn)
Jewellery
 e - an uncursed ring of see invisible {unknown}
Potions
 g - a potion of curing {unknown}
Books
 b - a book of Conjurations

   Spells                             Type                      Level
   a - Magic Dart                     Conjuration                  1
   b - Searing Ray                    Conjuration                  2
   c - Dazzling Spray                 Conjuration/Hexes            3
   d - Fulminant Prism                Conjuration/Hexes            4
   e - Force Lance                    Conjuration/Translocation    4
   f - Iskenderun's Mystic Blast      Conjuration                  4
Comestibles
 c - a bread ration
 f - a chunk of flesh
 h - 3 fruits
 i - a royal jelly


   Skills:
 * Level 1.7 Fighting
 + Level 1.2 Maces & Flails
 - Level 2.1 Dodging
 - Level 2.0 Stealth
 + Level 2.2 Spellcasting
 - Level 5.3 Conjurations


You had 5 spell levels left.
You knew the following spells:

 Your Spells              Type           Power        Failure   Level  Hunger
a - Magic Dart            Conj           ###.         2%          1    #......


Dungeon Overview and Level Annotations

Branches:
Dungeon (1/15)

Altars:


Innate Abilities, Weirdness & Mutations

You have a beak for a mouth.
You have claws for feet.


Message History

Increase (S)trength, (I)ntelligence, or (D)exterity?
You feel clever.
You see here a dagger.
Magic restored.
A bat comes into view.
The bat hits you but does no damage.
You can't go up here!
You closely miss the bat. You claw the bat, but do no damage.
The bat barely misses you.
You closely miss the bat. The bat misses you. The bat barely misses you.
Casting: Magic Dart
Confirm with . or Enter, or press ? or * to list all spells.
Aiming: Magic Dart
Press: ? - help, Shift-Dir - straight line, f - bat
Aim: a bat The magic dart hits the bat.
You kill the bat!
There is a staircase leading out of the dungeon here.
Are you sure you want to leave the Dungeon?
This will make you lose the game!
You have escaped!

# ##.###.##P...P# #.# # #..#
.###...######'### #
##.##.##P...P##......# #
#..#.###...###......# #
##.#.##P...P##......###### #
#...###...######......... #
##..##P...P# #..####### #
#..###...## #..#.....# # #..#
#.@.# #..#.###.# #
#..############..#.....# #
#..##.........#..#####.# #
#..##.#######.#..#.....# #
##.##.#.# #.#..#.##### #
########.##.#.#####.#..#.# #
# #.......>##.#.##.......#.#
#
####.#########.#.##..)....#.#
# .....# #.#.##..)....#.# #


There were no monsters in sight!

Vanquished Creatures
  A dart slug (D:1)
  A giant cockroach (D:1)
  3 goblins (D:1)
  4 hobgoblins (D:1)
  4 kobolds (D:1)
  A bat (D:1)
  3 frilled lizards (D:1)
  4 rats (D:1)
21 creatures vanquished.

Notes
Turn   | Place    | Note
-------+----------+-------------------------------------------
     0 | D:1      | Folque the Tengu Conjurer began the quest for the Orb.
     0 | D:1      | Reached XP level 1. HP: 10/10 MP: 4/4
   197 | D:1      | Reached skill level 1 in Fighting
   200 | D:1      | Reached XP level 2. HP: 7/16 MP: 6/6
  1258 | D:1      | Reached skill level 1 in Maces & Flails
  1258 | D:1      | Reached XP level 3. HP: 2/21 MP: 4/7
  1309 | D:$      | Got out of the dungeon alive.

Skill      XL: |  1  2 |
---------------+-------+-----
Fighting       | 1 |  1.7
Maces & Flails | 1 |  1.2
Dodging        | |  2.1
Stealth        | |  2.0
Spellcasting   | |  2.2
Conjurations   | |  5.3

Action                   || total
-------------------------++-------
Melee: Club              ||    55
       Kick              ||    14
       Peck              ||     6
 Cast: Magic Dart        ||     6
  Use: Scroll            ||     1
 Stab: Sleeping          ||     2
  Eat: Chunk             ||     1
Armor: Robe              ||     5
Dodge: Dodged            ||    35
